 Dungeon Crawl Stone Soup version 0.20-a0-809-gaf7f668 (webtiles) character file.

116 nubinia the Sneak (level 4, 0/21 HPs)
             Began as a Spriggan Enchanter on Mar 3, 2017.
             Slain by an orc
             ... wielding a +1 hand axe of draining
              (3 damage)
             ... on level 3 of the Dungeon.
             The game lasted 00:16:53 (3609 turns).

nubinia the Sneak (Spriggan Enchanter)              Turns: 3609, Time: 00:16:54

Health: 0/21       AC:  2    Str:  4    XL:     4   Next: 70%
Magic:  10/10      EV: 18    Int: 17    God:
Gold:   142        SH:  0    Dex: 16    Spells: 6/10 levels left

rFire    . . .     SeeInvis +   a - +1 dagger
rCold    . . .     Gourm    .   f - +0 robe
rNeg     . . .     Faith    .   (shield restricted)
rPois    .         Spirit   .   (helmet restricted)
rElec    .         Reflect  .   (no cloak)
rCorr    .         Harm     .   (gloves unavailable)
MR       .....                  (boots unavailable)
Stlth    +++.......             (no amulet)
Regen    0.1/turn               (no ring)
MPRegen  0.2/turn               (no ring)

@: drained, very quick
A: unfitting armour, see invisible, herbivore 3, speed 3, slow metabolism 2
a: no special abilities


You were on level 3 of the Dungeon.
You were full.

You visited 1 branch of the dungeon, and saw 3 of its levels.

You collected 142 gold pieces.

Inventory:

Hand Weapons
 a - a +1 dagger (weapon)
 b - a +0 hunting sling
Missiles
 g - 152 stones (quivered)
 p - 38 sling bullets
Armour
 f - a +0 robe (worn)
Scrolls
 e - a scroll of recharging {unknown}
 k - a scroll of fear
 m - a scroll of remove curse
 n - a scroll of teleportation
 o - a scroll of identify
Potions
 h - a potion of lignification
 i - 2 potions of haste
 j - a potion of brilliance
 l - a potion of mutation
Books
 c - a book of Maledictions

   Spells                             Type                      Level
   a - Corona                         Hexes                        1
   b - Ensorcelled Hibernation        Hexes/Ice                    2
   c - Confuse                        Hexes                        3
   d - Tukima's Dance                 Hexes                        3
   e - Dazzling Spray                 Conjuration/Hexes            3
Comestibles
 d - 2 bread rations


   Skills:
 + Level 0.4(0.0) Fighting
 + Level 1.3(0.5) Short Blades
 + Level 2.1(1.3) Slings
 + Level 3.5(2.6) Dodging
 + Level 5.3(4.4) Stealth
 + Level 3.5(2.7) Spellcasting
 + Level 4.7(3.8) Hexes


You had 6 spell levels left.
You knew the following spells:

 Your Spells              Type           Power        Failure   Level  Hunger
a - Corona                Hex            ###....      3%          1    #......
b - Confuse               Hex            ###.....     12%         3    ###....


Dungeon Overview and Level Annotations

Branches:
Dungeon (3/15)

Altars:
Nemelex Xobeh


Innate Abilities, Weirdness & Mutations

You are very small and have problems with some larger weapons.
You are too small for most types of armour.
You have supernaturally acute eyesight. (SInv)
You are a herbivore.
You cover ground extremely quickly.
You need consume almost no food.


Message History

The orc shouts!
The orc misses you.
You hit the orc.
The orc is lightly wounded.
The orc hits you.
You hit the orc but do no damage. The orc misses you.
You hit the orc.
The orc is lightly wounded.
You hit the orc.
The orc is heavily wounded.
The orc closely misses you.
The orc hits you with a hand axe of draining.
You feel drained.
You closely miss the orc.
The orc is heavily wounded.
The orc closely misses you.
The orc hits you with a hand axe of draining.
* * * LOW HITPOINT WARNING * * *
You feel drained.
You die...

#######.#.###############
#.(..#.# #<##########
#.####.####..........#
#o# #........)......# #.#
######..........#
#.#####..............#
#.o...#.##.#.........#
#####o#.##............
#@#.##.###.#.#####
###o#.##...#.#.#####
#..K...#.#.#...รท%..#
###!...#.#.###.###..
#.#......#.......#
#.####.###.#.###.#
#.....K...K.......
##########.#.###..
#.#......


You could see 2 orcs and a kobold.

Vanquished Creatures
  5 adders
  An ooze (D:2)
  A worm (D:3)
  3 dart slugs
  2 orcs
  4 bats
  4 giant cockroaches
  5 goblins
  8 hobgoblins
  2 jackals (D:1)
  A quokka (D:1)
  2 ball pythons
  4 frilled lizards
  10 kobolds
  6 rats
58 creatures vanquished.

Notes
Turn   | Place    | Note
-------+----------+-------------------------------------------
     0 | D:1      | nubinia the Spriggan Enchanter began the quest for the Orb.
     0 | D:1      | Reached XP level 1. HP: 9/9 MP: 5/5
   362 | D:1      | Reached XP level 2. HP: 2/13 MP: 4/6
  1565 | D:2      | Reached skill level 5 in Stealth
  1565 | D:2      | Reached XP level 3. HP: 16/16 MP: 8/8
  2153 | D:2      | Found a sparkling altar of Nemelex Xobeh.
  2449 | D:2      | Reached skill level 1 in Slings
  2454 | D:2      | Learned a level 3 spell: Confuse
  2797 | D:3      | Reached XP level 4. HP: 21/21 MP: 10/10
  3609 | D:3      | Slain by an orc

Vault maps used:
D:1:      matt_arrival_grand_opening, chequers_big_river,
          minmay_stone_trees_small
D:2:      first_bread, supply_closet_lemuel, nemelex_spade_bored_becter
D:3:      gammafunk_temple_overflow_wave, minivault_14

Skill      XL: |  1  2  3  4 |
---------------+-------------+-----
Hexes          | 4 |  4.7
Spellcasting   | 3 |  3.5
Stealth        | 5 |  5.3
Slings         | 1 2 |  2.1
Fighting       | |  0.4
Short Blades   | |  1.3
Dodging        | |  3.5

Action                   |  1- 3 |  4- 6 || total
-------------------------+-------+-------++-------
Melee: Dagger            |   155 |    47 ||   202
 Fire: Hunting sling     |    56 |    32 ||    88
 Cast: Corona            |    41 |     9 ||    50
       Confuse           |       |     3 ||     3
  Use: Potion            |     5 |       ||     5
       Scroll            |     6 |       ||     6
 Stab: Sleeping          |     7 |     3 ||    10
       Confused          |       |     1 ||     1
  Eat: Bread ration      |       |     1 ||     1
Armor: Robe              |    10 |     5 ||    15
Dodge: Dodged            |   112 |    55 ||   167
